 Dungeon Crawl Stone Soup version 0.20.0-4-g10b340a (webtiles) character file.

584 Larmestyx the Sneak (level 7, -1/33 HPs)
             Began as a Vine Stalker Enchanter on May 27, 2017.
             Succumbed to a scorpion's poison
             ... on level 5 of the Dungeon.
             The game lasted 00:48:39 (3831 turns).

Larmestyx the Sneak (Vine Stalker Enchanter)        Turns: 3831, Time: 00:48:40

Health: -1/33      AC:  2    Str: 11    XL:     7   Next: 37%
Magic:  4/12       EV: 13    Int: 15    God:
Gold:   260        SH:  0    Dex: 16    Spells: 3/11 levels left

rFire    . . .     SeeInvis .   a - +3 dagger
rCold    . . .     Gourm    .   (no shield)
rNeg     . . .     Faith    .   b - +0 robe
rPois    .         Spirit   +   (no helmet)
rElec    .         Reflect  .   (no cloak)
rCorr    .         Harm     .   (no gloves)
MR       +....                  (no boots)
Stlth    ++........             n - amulet of rage
Regen    0.6/turn               m - ring of loudness (curse)
MPRegen  0.2/turn               x - ring of protection from magic

@: lethally poisoned (-1 -> -32)
A: fangs 2, regeneration 1, magic shield, antimagic bite, no potion heal 3, rot
immunity
a: Evoke Berserk Rage


You were on level 5 of the Dungeon.
You were not hungry.

You visited 1 branch of the dungeon, and saw 5 of its levels.

You collected 260 gold pieces.

Inventory:

Hand Weapons
 a - a +3 dagger (weapon)
 i - a +0 hunting sling
 y - a +3 dagger
Missiles
 j - 137 stones
 k - 47 sling bullets (quivered)
 q - 33 poisoned needles
Armour
 b - a +0 robe (worn)
Jewellery
 m - a cursed ring of loudness (left hand)
 n - an amulet of rage (around neck)
 x - a ring of protection from magic (right hand)
Wands
 l - a wand of digging (3/24)
Scrolls
 e - 4 scrolls of amnesia
 h - 4 scrolls of identify
 t - 2 scrolls of teleportation
 w - a scroll of blinking
Potions
 g - 5 potions of curing
 p - a potion of magic {unknown}
 r - a potion of berserk rage {unknown}
 s - 2 potions of agility {unknown}
 v - 2 potions of lignification {unknown}
 A - a potion of heal wounds {unknown}
Books
 c - a book of Maledictions

   Spells                             Type                      Level
   a - Corona                         Hexes                        1
   b - Ensorcelled Hibernation        Hexes/Ice                    2
   c - Confuse                        Hexes                        3
   d - Tukima's Dance                 Hexes                        3
   e - Dazzling Spray                 Conjuration/Hexes            3
 u - Jessica's Disquisition on Hexes
   (You found it on level 2 of the Dungeon)

   Spells                             Type                      Level
   a - Slow                           Hexes                        2
Comestibles
 d - 4 bread rations
 f - a meat ration
 o - a royal jelly
 z - 4 chunks of flesh


   Skills:
 + Level 1.5 Fighting
 * Level 4.4 Short Blades
 + Level 2.5 Dodging
 + Level 5.7 Stealth
 + Level 2.8 Spellcasting
 + Level 3.6 Hexes
 + Level 1.6 Ice Magic


You had 3 spell levels left.
You knew the following spells:

 Your Spells              Type           Power        Failure   Level  Hunger
a - Ensorcelled Hibernat  Hex/Ice        ##....       11%         2    ##.....
b - Confuse               Hex            ##......     14%         3    ###....
c - Tukima's Dance        Hex            ##......     14%         3    ###....


Dungeon Overview and Level Annotations

Branches:
Dungeon (5/15)
 Temple: D:4-7

Altars:

Shops:
D:5 [

Portals:
Sewer: D:5

Annotations:
D:3 1 exclusion, Sigmund
D:4 Blork the orc


Innate Abilities, Weirdness & Mutations

You have extremely sharp teeth.
Your natural rate of healing is unusually fast.
When hurt, damage is shared between your health and your magic reserves.
Your bite disrupts and absorbs the magic of your enemies.
Potions cannot restore your health.
You are immune to rotting.


Message History

The scorpion is lightly wounded.
You feel sick. The scorpion stings you.
You are more poisoned.
The scorpion poisons you!
You hit the scorpion but do no damage.
The scorpion is lightly wounded.
* * * LOW HITPOINT WARNING * * *
You feel sick. The scorpion misses you.
You hit the scorpion.
You bite the scorpion, but do no damage.
The scorpion is moderately wounded.
* * * LOW HITPOINT WARNING * * *
You feel very sick. The scorpion stings you.
* * * LOW HITPOINT WARNING * * *
You are more poisoned.
The scorpion poisons you!
* * * LOW HITPOINT WARNING * * *
You feel very sick.
You die...

############
#.........†##
#########...<.....)##
#............†.......
#....................
#.................###
#.................#S≈
#........###.####.#S≈
####@######..# #.#Ss
#...##...## #.#≈≈
###s$....# ##.#≈s
#....#.# #..##+
#.####. #..... ..# #.
#...### .## #.......#
.# ##...... .
.......#


You could see a scorpion.

Vanquished Creatures
  A centaur (D:5)
  2 scorpions (D:5)
  An orc priest (D:4)
  A jelly (D:5)
  2 orc wizards (D:4)
  An iguana (D:5)
  Terence (D:3)
  Jessica (D:2)
  9 adders
  An ooze (D:2)
  An adder skeleton (D:4)
  3 worms
  5 dart slugs
  3 leopard geckos
  8 orcs
  2 ball pythons
  6 bats
  5 giant cockroaches
  5 goblins
  5 hobgoblins
  14 jackals
  5 quokkas
  6 frilled lizards
  A jackal zombie (D:5)
  9 kobolds
  8 rats
106 creatures vanquished.

Notes
Turn   | Place    | Note
-------+----------+-------------------------------------------
     0 | D:1      | Larmestyx the Vine Stalker Enchanter began the quest for the Orb.
     0 | D:1      | Reached XP level 1. HP: 9/9 MP: 4/4
   108 | D:1      | Reached skill level 1 in Short Blades
   146 | D:1      | Reached XP level 2. HP: 10/13 MP: 6/6
   569 | D:1      | Learned a level 2 spell: Ensorcelled Hibernation
   620 | D:1      | Reached skill level 4 in Stealth
   631 | D:1      | Reached XP level 3. HP: 10/17 MP: 3/7
  1449 | D:2      | Gained mutation: Your natural rate of healing is unusually fast. [Vine Stalker growth]
  1449 | D:2      | Reached XP level 4. HP: 21/21 MP: 8/8
  1768 | D:2      | Noticed Jessica
  1797 | D:2      | Killed Jessica
  1845 | D:2      | Identified Jessica's Disquisition on Hexes
  1988 | D:3      | Reached XP level 5. HP: 7/25 MP: 0/9
  2271 | D:3      | Noticed Sigmund
  2319 | D:3      | Noticed Terence
  2384 | D:3      | Killed Terence
  2628 | D:4      | Reached skill level 1 in Fighting
  2628 | D:4      | Reached skill level 5 in Stealth
  2669 | D:4      | Noticed Blork the orc
  2917 | D:4      | Learned a level 3 spell: Confuse
  2921 | D:4      | Learned a level 3 spell: Tukima's Dance
  2986 | D:4      | Reached XP level 6. HP: 28/30 MP: 8/10
  3010 | D:4      | Reached skill level 1 in Ice Magic
  3327 | D:5      | Entered Level 5 of the Dungeon
  3327 | D:5      | Found Laymoe's Antique Armour Shoppe.
  3602 | D:5      | Reached XP level 7. HP: 22/33 MP: 9/12
  3736 | D:5      | Found a glowing drain.
  3831 | D:5      | Succumbed to a scorpion's poison

Skill      XL: |  1  2  3  4  5  6 |
---------------+-------------------+-----
Short Blades   | 1 2 3 4 |  4.4
Stealth        | 4 5 |  5.7
Dodging        | 2 |  2.5
Fighting       | 1 |  1.5
Ice Magic      | 1 |  1.6
Spellcasting   | |  2.8
Hexes          | |  3.6

Action                   |  1- 3 |  4- 6 |  7- 9 || total
-------------------------+-------+-------+-------++-------
Melee: Dagger            |    84 |   245 |    36 ||   365
       Bite              |    18 |    62 |    14 ||    94
Throw: Stone             |     1 |       |       ||     1
 Cast: Ensorcelled Hiber |     1 |    23 |     3 ||    27
  Use: Scroll            |     3 |     7 |     1 ||    11
       Potion            |       |     1 |       ||     1
 Stab: Sleeping          |     7 |    19 |     3 ||    29
  Eat: Chunk             |     2 |     8 |     1 ||    11
Armor: Robe              |    11 |    14 |     1 ||    26
Dodge: Dodged            |    29 |   116 |    13 ||   158
